cohdb
Replays
Latest Replays
All Replays
Popular Replays
Top Player Replays
Match Explorer
How It Works
Community
CoH3 Stats
Reddit
Sign in to upload your games and track your stats! →
Sign in with Steam
Match 21001486
Unlisted
Match 21001486
Overview
Messages
Build Orders
End
Selects Australian Defense Battlegroup
Selects Australian Light Infantry Section
Australian Light Infantry Section
Construct Section Command Post
Construct Section Command Post
ML 3-inch Mortar Team
Australian Light Infantry Section
Infantry Section
Selects Defensive Tactics
Construct Platoon Command Post
Humber Armored Car
Selects CMP 15cwt Supply Run
Nudlar
BusinessPenguin
sj0112
Walther
Snafu(PL)
Frost
0
0
Comments
sign in to comment!
No comments posted yet!